 Dungeon Crawl Stone Soup version 0.31-a0-845-g9abc20d24f (webtiles) character file.

Game seed: 3004910413661441507

57 Elsrick the Covert (level 3, -7/19 HPs)
             Began as a Spriggan Delver on Oct 2, 2023.
             Mangled by an iguana (10 damage)
             ... on level 2 of the Dungeon.
             The game lasted 00:05:57 (2096 turns).

Elsrick the Covert (Spriggan Delver)                Turns: 2096, Time: 00:05:58

Health: -7/19      AC:  2    Str: 10    XL:     3   Next: 73%
Magic:  22/22      EV: 17    Int: 11    God:
Gold:   83         SH:  0    Dex: 16    Spells: 1/2 levels left

rFire   . . .        p - +1 whip (venom)
rCold   . . .        (no shield)
rNeg    . . .        b - +0 robe
rPois   .            (helmet restricted)
rElec   .            (no cloak)
rCorr   .            (gloves unavailable)
SInv    +            (boots unavailable)
Will    .....        m - amulet of magic regeneration
Stlth   ++++         j - ring of magical power
HPRegen 0.23/turn    l - ring of magical power
MPRegen 0.58/turn

%: no passive effects
@: very quick
A: very small, no large weapons, unfitting armour, see invisible, speed 3
a: no special abilities


You were on level 2 of the Dungeon.
You visited 1 branch of the dungeon, and saw 5 of its levels.

You collected 83 gold pieces.

Inventory:

Hand Weapons
 a - a +0 short sword
 p - a +1 whip of venom (weapon)
Armour
 b - a +0 robe (worn)
Jewellery
 j - a ring of magical power (left hand)
 l - a ring of magical power (right hand)
 m - an amulet of magic regeneration (around neck)
Wands
 g - a wand of digging (3)
Scrolls
 c - a scroll of fog
 d - a scroll of revelation
 e - 3 scrolls of fear
 i - 2 scrolls of teleportation {unknown}
 k - a scroll of amnesia {unknown}
 o - a scroll of blinking {unknown}
Potions
 f - 2 potions of haste
 h - a potion of mutation {unknown}
 n - a potion of heal wounds {unknown}


   Skills:
 + Level 2.6 Fighting
 + Level 2.5 Short Blades
 + Level 3.1 Dodging
 + Level 8.6 Stealth
 * Level 0.4 Spellcasting


You had one spell level left.
You knew the following spells:

 Your Spells              Type           Power      Damage    Failure   Level
a - Slow                  Hex            0%         N/A       34%         1

Your spell library contained the following spells:

 Spells                   Type           Power      Damage    Failure   Level
 Confusing Touch          Hex            0%         N/A       71%         3
 Sigil of Binding         Hex            0%         N/A       71%         3
 Vampiric Draining        Necr           0%         2d6       71%         3


Dungeon Overview and Level Annotations

Branches:
Dungeon (5/15)
 Temple: D:4-7

Altars:

Annotations:
D:2 Robin


Innate Abilities, Weirdness & Mutations

You are very small and have problems with some larger weapons.
You are too small for most types of armour.
You have supernaturally acute eyesight. (SInv)
You cover ground extremely quickly. (Speed+++)


Message History

You see here a +1 whip of venom.
Your +1 whip of venom begins to drip with poison!
p - a +1 whip of venom (weapon)
You now have 83 gold pieces (gained 3).
Okay, then.
An adder comes into view.
An adder is nearby!
You closely miss the adder. The adder barely misses you.
The adder completely misses you.
You closely miss the adder. The adder bites you.
You closely miss the adder. The adder closely misses you.
You miss the adder. The adder closely misses you.
The adder completely misses you.
You miss the adder. The adder bites you.
You hit the adder.
The adder is poisoned.
The adder is lightly wounded.
The adder misses you. x2
You hit the adder.
The adder looks as sick as possible!
The adder is severely wounded.
The adder bites you.
You hit the adder.
You kill the adder!
No target in view!
No target in view!
You start resting.
HP restored.
Found a stone staircase leading up.
The iguana hisses angrily.
You hit the iguana but do no damage.
The iguana is poisoned.
The iguana bites you!
Ouch! That really hurt!
You hit the iguana but do no damage.
The iguana looks as sick as possible!
The iguana is lightly wounded.
The iguana bites you!
* * * LOW HITPOINT WARNING * * *
You barely miss the iguana.
The iguana is heavily wounded.
The iguana bites you!
Ouch! That really hurt!
You die...

........# #.#
......†.# #.#
†.......# #)#
........# #r#
........#####.# .#.
########......########
.P.#. #.####........#
P..#.
#.#<.'........######
### ##.l@..........
#.........##
#.........# ###
#.........# ###..
#.........## #....
...#######..#####....
###. ##.......... P.#.
########### #P.P..P.#


You could see an iguana (extremely poisoned).

Vanquished Creatures
  2 adders (D:2)
  A worm (D:2)
  4 bats
  2 endoplasms (D:1)
  3 giant cockroaches
  4 hobgoblins
  3 jackals (D:1)
  2 kobolds (D:1)
  A quokka (D:1)
  7 ball pythons
  3 frilled lizards (D:1)
  2 goblins (D:2)
  2 rats
36 creatures vanquished.

Notes
Turn   | Place    | Note
-------+----------+-------------------------------------------
     0 | D:5      | Elsrick the Spriggan Delver began the quest for the Orb.
     0 | D:5      | Reached XP level 1. HP: 11/11 MP: 2/2
    11 | D:5      | Noticed an orc wizard
   154 | D:4      | Noticed a hornet
   214 | D:2      | Reached XP level 2. HP: 11/16 MP: 3/3
   363 | D:2      | Noticed Robin
   413 | D:2      | Reached skill level 8 in Stealth
   762 | D:1      | Reached XP level 3. HP: 19/19 MP: 4/4
  1728 | D:1      | Learned a level 1 spell: Slow
  2096 | D:2      | Mangled by an iguana

Illustrated notes

Levels and vault maps discovered:
D:1:      psy_arrival_whirlpool, layout_basic
D:2:      layout_basic, serial_aquarium, aquarium_bridge_square
          [aquarium_subvault_bridge, aquarium_subvault_bridge,
          aquarium_subvault_bridge, aquarium_subvault_balcony],
          aquarium_bridge_straight [aquarium_subvault_bridge,
          aquarium_subvault_window, aquarium_subvault_bridge,
          aquarium_subvault_wall], aquarium_window_corner, aquarium_window_2,
          aquarium_window_2, aquarium_view_2e, aquarium_view_2e,
          aquarium_pool_2, uniq_robin
D:3:      layout_loops_ring
D:4:      layout_cave_pools, mainiacjoe_overflow_large_starburst
D:5:      layout_layer_cave, ebering_ghost_rock_garden, bh_walls_and_bars

Skill      XL: |  1  2  3 |
---------------+----------+-----
Stealth        | 8 |  8.6
Dodging        | 3 |  3.1
Fighting       | |  2.6
Short Blades   | |  2.5
Spellcasting   | |  0.4

Action                     || total
---------------------------++-------
  Melee: Short sword       ||   129
         Whip              ||    11
         Punch             ||     1
   Stab: Sleeping          ||    12
 Armour: Robe              ||    43
  Dodge: Dodged            ||   106

Table legend: (Time is in decaauts)
 A = Elapsed time spent in this place.
 B = Non-inter-level travel time spent in this place.
 C = Inter-level travel time spent in this place.
 D = Time resting spent in this place.
 E = Time spent auto-exploring this place.
 F = Levels seen in this place.
 G = Mean time per level.
                   A        B        C        D        E       F      G
               +--------+--------+--------+--------+--------+-----+--------+
         Total |   1444 |   1419 |     25 |    305 |    591 |   5 |  288.8 |
       Dungeon |   1444 |   1419 |     25 |    305 |    591 |   5 |  288.8 |
               +--------+--------+--------+--------+--------+-----+--------+

Top non-repeatable levels by time:
     D:1: 811 daAuts
     D:2: 461 daAuts
     D:5: 93 daAuts
     D:3: 64 daAuts
     D:4: 13 daAuts
